 Dungeon Crawl Stone Soup version 0.19-a0-1855-gb7442ac (webtiles) character file.

4965 Amnesiac the Slicer (level 10, -3/72 HPs)
             Began as a Halfling Assassin on Oct 12, 2016.
             Was a High Priest of Trog.
             Blown up by Maurice (24 damage)
             ... with a wand of disintegration
             ... on level 8 of the Dungeon.
             The game lasted 00:16:24 (8892 turns).

Amnesiac the Slicer (Halfling Assassin)             Turns: 8892, Time: 00:16:24

Health: -3/72      AC: 18    Str: 15    XL:     10   Next: 82%
Magic:  10/10      EV: 17    Int:  9    God:    Trog [*****.]
Gold:   396        SH:  8    Dex: 17    Spells: 0 memorised, 9 levels left

rFire  . . .     SeeInvis .     k - +4 dagger (chaos)
rCold  . . .     Gourm    .     E - +3 scale mail
rNeg   . . .     Faith    .     v - +1 buckler
rPois  .         Spirit   .     a - +0 helmet
rElec  .         Dismiss  .     d - +0 cloak
rCorr  .         Reflect  .     (no gloves)
MR     .....     Harm     +     H - +2 pair of boots
Stlth  ++........               o - amulet of harm
                                (no ring)
                                i - +1 ring of evasion

@: no status effects
A: iridescent scales 1, blurry vision 1, mutation resistance 1
a: Berserk, Trog's Hand, Brothers in Arms, Burn Spellbooks, Renounce Religion


You were on level 8 of the Dungeon.
You worshipped Trog.
Trog was extremely pleased with you.
You were not hungry.

You visited 1 branch of the dungeon, and saw 8 of its levels.
You also visited: Ossuary.

You collected 396 gold pieces.

Inventory:

Hand Weapons
 b - a +1 blowgun
 c - a +2 dagger of speed
 k - a +4 dagger of chaos (weapon)
 L - a +3 short sword of freezing
Missiles
 e - 47 poisoned needles
 f - 5 curare-tipped needles
 F - 5 tomahawks of dispersal (quivered)
 I - 8 needles of sleeping
Armour
 a - a +0 helmet (worn)
 d - a +0 cloak (worn)
 p - the +1 robe of Reanta {+Fly}
   (You found it on level 4 of the Dungeon)

   It lets you fly.
 v - a +1 buckler (worn)
 E - a +3 scale mail (worn)
 H - a +2 pair of boots (worn)
Jewellery
 i - a +1 ring of evasion (left hand)
 o - an amulet of harm (around neck)
Wands
 D - a wand of random effects (22/48)
 J - a wand of iceblast (4/15)
Scrolls
 j - 8 scrolls of identify
 s - a scroll of fog
 u - 5 scrolls of remove curse
 y - 2 scrolls of enchant armour
 N - a scroll of magic mapping
 O - a scroll of enchant weapon
Potions
 h - 2 potions of degeneration {unknown}
 m - 4 potions of lignification {unknown}
 r - 3 potions of curing
 t - 3 potions of might {unknown}
 w - 2 potions of haste {unknown}
 x - 2 potions of flight {unknown}
 z - 2 potions of cancellation {unknown}
 A - a potion of mutation {unknown}
 B - a potion of heal wounds {unknown}
 M - a potion of berserk rage {unknown}
Comestibles
 g - 4 bread rations
 n - 8 meat rations
 q - 2 beef jerkies
 G - 7 chunks of flesh


   Skills:
 - Level 8.0 Fighting
 - Level 8.0 Short Blades
 - Level 4.0 Throwing
 - Level 6.0 Armour
 + Level 7.2 Dodging
 - Level 4.3 Stealth
 - Level 6.0 Shields


You had 9 spell levels left.
You didn't know any spells.

Dungeon Overview and Level Annotations

Branches:
Dungeon (8/15)             Temple (0/1) D:6
   Lair: D:8-11

Altars:
Ashenzari
Dithmenos
Gozag
Qazlal
Ru
Trog
Zin

Annotations:
D:8 Maurice


Innate Abilities, Weirdness & Mutations

You are small and have problems with some larger weapons.
You are somewhat resistant to further mutation.
You are partially covered in iridescent scales. (AC +2)
Scrolls take you a little longer to read.


Message History

Your Dodging skill increases to level 7!
You feel sick.
You hear some strange, mumbled words.
You feel sick.
You swing at nothing.
You swing at nothing.
You feel sick.
You swing at nothing.
You swing at nothing.
You swing at nothing.
You feel sick.
Found 19 gold pieces.
You feel sick.
You are no longer poisoned.
You see here an iguana corpse.
You butcher the iguana corpse.
You see here 2 chunks of flesh.
You start resting.
You hear a zap.
You are blasted!
You die...

#.....###..........
#.#.###......#...#.
#.._..######......#
###.#.# ## #######.
#.....#..#### #.
####.###..{..> #.
#.#.......#.. #.
#.#####.#.##...##...#####.
#.......#@###..........)..
.$.#####.).............)).
#.#####........[.#. #.#
###...###.#. #.# #... #.#.
#[# #. . #.#. ._......# #
#.#. ....#..## #.#. .. #..
#.#.


There were no monsters in sight!

Vanquished Creatures
  The ghost of Amnesiac the Slicer, a novice HaAs (D:6)
  The ghost of graymark the Destroyer, a novice TeWz of Sif Muna (D:7)
  Psyche (D:8)
  2 hippogriffs (D:8)
  2 orc warriors
  A necrophage (D:6)
  A phantom (D:5)
  A black bear (D:8)
  9 ogres
  3 centaurs (D:6)
  3 bullfrogs (D:6)
  Blork the orc (D:6)
  2 gnoll sergeants (D:6)
  A scorpion (D:7)
  4 wights
  4 crimson imps
  7 hounds
  2 orc priests
  A centaur skeleton (D:8)
  4 iguanas
  10 orc wizards
  7 worker ants
  A big kobold zombie (Ossuary)
  8 mummies (Ossuary)
  Robin (D:3)
  5 gnolls
  A howler monkey skeleton (D:4)
  8 adders
  2 shadow imps
  An ooze (D:2)
  2 worms
  A dart slug (D:2)
  9 leopard geckos
  18 orcs
  7 bats
  6 giant cockroaches
  13 goblins
  12 hobgoblins
  23 jackals
  8 kobolds
  3 quokkas
  2 ball pythons
  7 frilled lizards (D:5)
  A goblin zombie (D:5)
  2 hobgoblin zombies (Ossuary)
  A jackal skeleton (D:6)
  3 kobold zombies (Ossuary)
  2 orc zombies (Ossuary)
  A quokka skeleton (D:5)
  4 rats
  A rat zombie (D:5)
221 creatures vanquished.

Vanquished Creatures (collateral kills)
  An ugly thing (D:7)
  2 wights (D:7)
3 creatures vanquished.

Grand Total: 224 creatures vanquished

Notes
Turn   | Place    | Note
-------+----------+-------------------------------------------
     0 | D:1      | Amnesiac the Halfling Assassin began the quest for the Orb.
     0 | D:1      | Reached XP level 1. HP: 14/14 MP: 1/1
    38 | D:2      | Found a bloodstained altar of Trog.
    81 | D:2      | Became a worshipper of Trog the Wrathful
   155 | D:1      | Reached XP level 2. HP: 17/19 MP: 2/2
   558 | D:1      | Reached XP level 3. HP: 20/24 MP: 3/3
  1349 | D:2      | Reached XP level 4. HP: 9/29 MP: 4/4
  1891 | D:2      | Reached * piety under Trog
  1960 | D:2      | Reached XP level 5. HP: 23/34 MP: 5/5
  2272 | D:2      | Reached skill level 5 in Short Blades
  2513 | D:3      | Noticed Robin
  2555 | D:3      | Killed Robin
  2643 | D:3      | Found a sacrificial altar of Ru.
  2663 | D:3      | Reached skill level 1 in Shields
  2669 | D:3      | Reached ** piety under Trog
  2867 | D:3      | Reached XP level 6. HP: 29/39 MP: 6/6
  3188 | D:4      | Got a tattered robe
  3223 | D:4      | Identified the +1 robe of Reanta {+Fly} (You found it on level 4 of the Dungeon)
  3383 | D:4      | Noticed an ogre
  3403 | D:3      | Killed an ogre
  3403 | D:3      | Reached XP level 7. HP: 42/44 MP: 7/7
  3625 | D:5      | Entered Level 5 of the Dungeon
  4062 | D:5      | Reached *** piety under Trog
  4062 | D:5      | Reached XP level 8. HP: 30/49 MP: 8/8
  4245 | D:5      | Found a sand-covered staircase.
  4263 | Ossuary  | Entered an ossuary
  4692 | Ossuary  | Reached skill level 5 in Shields
  5607 | D:7      | Found a glowing silver altar of Zin.
  5705 | D:7      | Found a shattered altar of Ashenzari.
  5730 | D:7      | Received a gift from Trog
  5967 | D:7      | Reached **** piety under Trog
  6349 | D:7      | Reached skill level 5 in Dodging
  6390 | D:7      | Found a stormy altar of Qazlal.
  6447 | D:7      | Noticed graymark's ghost (novice TeWz)
  6525 | D:7      | Killed graymark's ghost
  6525 | D:7      | Reached XP level 9. HP: 33/58 MP: 9/9
  6943 | D:7      | Noticed a green ugly thing
  6970 | D:7      | Killed a green ugly thing
  6970 | D:7      | Reached skill level 5 in Fighting
  7116 | D:6      | Noticed Amnesiac's ghost (novice HaAs)
  7167 | D:6      | Killed Amnesiac's ghost
  7196 | D:6      | Gained mutation: Scrolls take you a little longer to read. [mutagenic meat]
  7205 | D:6      | Gained mutation: You are partially covered in iridescent scales. (AC +2) [mutagenic meat]
  7387 | D:6      | Reached XP level 10. HP: 68/71 MP: 10/10
  7439 | D:6      | Found a staircase to the Ecumenical Temple.
  7466 | D:6      | Noticed Blork the orc
  7506 | D:6      | Killed Blork the orc
  7608 | D:6      | Reached skill level 1 in Armour
  8428 | D:7      | Received a gift from Trog
  8559 | D:7      | Reached skill level 5 in Armour
  8789 | D:8      | Found an opulent altar of Gozag.
  8808 | D:8      | Noticed Maurice
  8853 | D:8      | Noticed Psyche
  8856 | D:8      | Killed Psyche
  8857 | D:8      | Found a shadowy altar of Dithmenos.
  8870 | D:8      | Reached ***** piety under Trog
  8892 | D:8      | Blown up by Maurice

Vault maps used:
D:1:      nicolae_arrival_memento_mori, minivault_27, minivault_11
D:2:      bloody_trog
D:3:      nicolae_ru_great_annihilating_truth, uniq_robin
D:5:      first_bread, enter_ossuary_4, minmay_lizard_king
D:6:      sword_in_stone
D:7:      lemuel_coloured_pillars_altar, kennysheep_mini,
          ashenzari_conservatory_becter, serial_glass, glass_columns_a,
          glass_columns_b, glass_columns_c, glass_columns_a, glass_columns_b,
          glass_columns_c
D:8:      nicolae_overflow_crystal_walls, corexii_checkpoint_b,
          serial_bayou_lagoon_a, nicolae_gozag_cash_rules_everything_around_me,
          uniq_maurice, uniq_psyche
Ossuary:  ossuary_tomb_3

Skill      XL: |  1  2  3  4  5  6  7  8  9 10 |
---------------+-------------------------------+-----
Short Blades   | 3 4 5 6 8 |  8.0
Throwing       | 3 4 |  4.0
Shields        | 2 4 6 |  6.0
Dodging        | 5 7 |  7.2
Fighting       | 4 7 8 |  8.0
Armour         | 6 |  6.0
Stealth        | |  4.3

Action                   |  1- 3 |  4- 6 |  7- 9 | 10-12 || total
-------------------------+-------+-------+-------+-------++-------
Melee: Dagger            |    88 |   339 |   773 |   279 ||  1479
       Short sword       |       |       |       |    95 ||    95
Throw: Tomahawk          |       |       |       |     8 ||     8
Invok: Berserk           |       |     1 |     3 |     2 ||     6
  Use: Scroll            |       |     6 |     4 |     1 ||    11
       Potion            |       |       |     1 |       ||     1
 Stab: Sleeping          |     5 |     5 |     9 |       ||    19
       Paralysed         |       |     1 |       |       ||     1
  Eat: Chunk             |     1 |     8 |    14 |     9 ||    32
       Royal jelly       |       |       |     2 |       ||     2
Armor: Robe              |    14 |       |       |       ||    14
       Ring mail         |       |    49 |    45 |       ||    94
       Chain mail        |       |       |    39 |    10 ||    49
       Scale mail        |       |       |       |    53 ||    53
Dodge: Dodged            |    58 |   130 |   163 |    93 ||   444
Block: Buckler           |       |    18 |    93 |    59 ||   170
